 Dungeon Crawl Stone Soup version 0.26-a0-651-gb41185065b (webtiles) character file.

Game seed: 5163830073559558496

5470 raph the Fencer (level 10, -4/126 HPs)
             Began as a Minotaur Berserker on Oct 28, 2020.
             Was a High Priest of Trog.
             Slain by a six-headed hydra (5 damage)
             ... on level 7 of the Dungeon.
             The game lasted 00:18:12 (9128 turns).

raph the Fencer (Minotaur Berserker)                Turns: 9128, Time: 00:18:12

Health: -4/126     AC: 13    Str: 22    XL:     10   Next: 42%
Magic:  9/9        EV: 10    Int:  4    God:    Trog [*****.]
Gold:   148        SH:  0    Dex: 13    Spells: 9/9 levels left

rFire    . . .     SeeInvis .   a - +2 great sword (flame)
rCold    . . .     Faith    .   (shield currently unavailable)
rNeg     . . .     Spirit   .   m - +0 chain mail
rPois    .         Reflect  .   (helmet restricted)
rElec    .         Harm     .   y - +0 cloak (curse)
rCorr    .         Rampage  .   (no gloves)
MR       .....                  o - +1 pair of boots
Stlth    ..........             (no amulet)
HPRegen  0.31/turn              (no ring)
MPRegen  0.11/turn              t - ring of stealth

@: berserking, very quick
A: retaliatory headbutt, horns 2
a: Berserk, Trog's Hand, Brothers in Arms, Renounce Religion


You were on level 7 of the Dungeon.
You worshipped Trog.
Trog was extremely pleased with you.
You visited 1 branch of the dungeon, and saw 7 of its levels.

You collected 523 gold pieces.
You spent 375 gold pieces at shops.

Inventory:

Hand Weapons
 a - a +2 great sword of flaming (weapon)
 e - a +0 falchion
 v - a +1 long sword
Missiles
 n - 22 poisoned darts
 r - 5 curare-tipped darts (quivered)
Armour
 c - a +0 leather armour
 m - a +0 chain mail (worn)
 o - a +1 pair of boots (worn)
 y - a cursed +0 cloak (worn)
Jewellery
 t - a ring of stealth (right hand)
 w - an uncursed ring of protection from cold
Scrolls
 d - 2 scrolls of identify
 h - a scroll of remove curse
 l - 5 scrolls of teleportation
 p - 2 scrolls of blinking
 s - 3 scrolls of fog
 A - 2 scrolls of fear
Potions
 b - 5 potions of flight
 f - a potion of ambrosia
 g - a potion of stabbing
 i - 4 potions of resistance
 j - 2 potions of haste
 q - 2 potions of lignification
 u - a potion of curing
 x - 2 potions of brilliance
 z - a potion of might


   Skills:
 + Level 6.3 Fighting
 * Level 15.2 Long Blades
 - Level 5.3 Armour
 - Level 4.9 Dodging
 - Level 3.4 Stealth


You had 9 spell levels left.
You didn't know any spells.
Your spell library was empty.

Dungeon Overview and Level Annotations

Branches:
Dungeon (7/15)             Temple (0/1) D:4

Altars:
Dithmenos
Elyvilon
Fedhas
Hepliaklqana
Nemelex Xobeh
Okawaru
Ru
Uskayaw
Vehumet
Wu Jian
Yredelemnul

Shops:
D:4 (*

Annotations:
D:7 exclusion: statue


Innate Abilities, Weirdness & Mutations

You reflexively headbutt those who attack you in melee.
You have a pair of horns on your head.


Message History

The eight-headed hydra bites you.
* * * LOW HITPOINT WARNING * * *
You slice one of the eight-headed hydra's heads off!
The flame cauterises the wound!
You slice the seven-headed hydra!! You burn the seven-headed hydra!
You headbutt the seven-headed hydra!
The seven-headed hydra is severely wounded.
The electric eel shoots out a bolt of lightning at you!
The bolt of electricity misses you. The bolt of electricity hits you.
* * * LOW HITPOINT WARNING * * *
You are too berserk!
You slice one of the seven-headed hydra's heads off!
The flame cauterises the wound!
You slash the six-headed hydra! You burn the six-headed hydra.
The six-headed hydra is almost dead.
The six-headed hydra barely misses you. The six-headed hydra bites you.
* * * LOW HITPOINT WARNING * * *
The six-headed hydra bites you.
* * * LOW HITPOINT WARNING * * *
The six-headed hydra bites you.
You die...

..# ##≈≈≈..≈≈≈## ##. .#
##≈≈≈≈..≈≈≈≈## #. .#
##≈≈≈≈≈..≈≈≈≈≈## ##. .###
#≈≈≈≈≈≈..≈≈≈≈≈≈## ##..
...##
≈≈≈≈≈≈≈..≈≈≈≈≈≈≈#######...
.....
≈≈≈≈≈≈≈..≈≈≈≈≈≈≈≈#........
.....
≈≈≈≈≈≈≈..≈≈≈≈≈≈≈≈#........
.....
≈≈≈≈≈≈....≈≈≈≈≈≈≈#........
.....
.......##@.......+........
..... .......
#D.......+........ .....
≈≈≈≈≈≈. $.≈≈;≈≈≈≈#........
.....
≈≈≈≈≈≈≈..≈≈≈≈≈≈≈≈#........
.....
≈≈≈≈≈≈≈..≈≈≈≈≈≈≈≈#........
.....
≈≈≈≈≈≈≈..≈≈≈≈≈≈≈##........
......#
≈≈≈..≈≈≈≈≈≈##......... ##
#...#
≈≈≈≈..≈≈≈≈≈##..........
#....# ##...........


You could see a six-headed hydra and an electric eel.

Vanquished Creatures
  A centaur warrior (D:6)
  Pikel (D:6)
  A hippogriff (D:6)
  Prince Ribbit (D:7)
  A shadow (D:7)
  Eustachio (D:5)
  A steam dragon (D:4)
  Menkaure (D:6)
  A water moccasin (D:6)
  An orc warrior (D:7)
  A black bear (D:6)
  4 ice beasts
  2 sky beasts
  A centaur (D:5)
  3 bullfrogs
  A gnoll sergeant (D:3)
  2 scorpions
  17 wights
  A howler monkey (D:4)
  An electric eel (D:7)
  A bullfrog zombie (D:7)
  An orc priest (D:6)
  4 hounds
  A jelly (D:5)
  2 gnoll shamans (D:3)
  An iguana (D:7)
  Terence (D:2)
  A worker ant (D:6)
  8 orc wizards
  A hound zombie (D:6)
  A hound skeleton (D:5)
  51 gnolls
  10 adders
  2 white imps
  An ufetubus (D:7)
  2 oozes (D:1)
  2 worms (D:5)
  2 dart slugs
  A leopard gecko (D:1)
  25 orcs
  4 ball pythons
  6 giant cockroaches
  5 goblins
  9 hobgoblins
  21 jackals
  6 quokkas
  5 bats
  7 frilled lizards
  7 kobolds
  A leopard gecko zombie (D:6)
  A quokka zombie (D:6)
  8 rats
241 creatures vanquished.

Vanquished Creatures (collateral kills)
  A centaur zombie (D:6)
  A jelly (D:6)
  A hound (D:6)
  A worker ant (D:6)
  An orc (D:6)
5 creatures vanquished.

Grand Total: 246 creatures vanquished

Notes
Turn   | Place    | Note
-------+----------+-------------------------------------------
     0 | D:1      | raph the Minotaur Berserker began the quest for the Orb.
     0 | D:1      | Reached XP level 1. HP: 19/19 MP: 0/0
    68 | D:1      | Reached skill level 4 in Long Blades
    68 | D:1      | Reached XP level 2. HP: 22/26 MP: 1/1
   245 | D:1      | Reached skill level 5 in Long Blades
   303 | D:1      | Reached XP level 3. HP: 31/31 MP: 2/2
   760 | D:2      | Reached ** piety under Trog
   770 | D:2      | Reached skill level 6 in Long Blades
   770 | D:2      | Reached XP level 4. HP: 25/39 MP: 3/3
   975 | D:2      | Found an iron altar of Okawaru.
  1177 | D:2      | Reached skill level 7 in Long Blades
  1177 | D:2      | Reached XP level 5. HP: 45/45 MP: 4/4
  1490 | D:2      | Noticed Terence
  1499 | D:2      | Killed Terence
  1618 | D:2      | You fall into a shaft and drop 2 floors!
  1642 | D:4      | Found a staircase to the Ecumenical Temple.
  1693 | D:4      | Found a white marble altar of Elyvilon.
  1731 | D:3      | Reached skill level 8 in Long Blades
  1806 | D:2      | Reached XP level 6. HP: 44/51 MP: 5/5
  2007 | D:3      | Reached *** piety under Trog
  2146 | D:3      | Found a shadowy altar of Dithmenos.
  2147 | D:3      | Found an ornate altar of the Wu Jian Council.
  2147 | D:3      | Found a blossoming altar of Fedhas.
  2149 | D:3      | Found a sparkling altar of Nemelex Xobeh.
  2151 | D:3      | Found a hide-covered altar of Uskayaw.
  2151 | D:3      | Found a hazy altar of Hepliaklqana.
  2152 | D:3      | Found a basalt altar of Yredelemnul.
  2400 | D:3      | Reached skill level 9 in Long Blades
  2435 | D:3      | Reached XP level 7. HP: 26/57 MP: 6/6
  2736 | D:3      | Reached skill level 10 in Long Blades
  2896 | D:3      | HP: 4/85 [gnoll/+2 vampiric spear (6)]
  3445 | D:3      | Reached skill level 11 in Long Blades
  3448 | D:3      | Reached **** piety under Trog
  4285 | D:4      | Found Urulad's General Store.
  4297 | D:4      | Reached XP level 8. HP: 59/64 MP: 7/7
  4399 | D:4      | Bought a potion of haste for 110 gold pieces
  4399 | D:4      | Bought a scroll of identify for 22 gold pieces
  4602 | D:4      | Found a sacrificial altar of Ru.
  4607 | D:4      | Found Kavuigg's Weapon Boutique.
  4912 | D:5      | Entered Level 5 of the Dungeon
  5089 | D:5      | Reached skill level 12 in Long Blades
  5788 | D:5      | Noticed Eustachio
  5800 | D:5      | Killed Eustachio
  5800 | D:5      | Reached skill level 13 in Long Blades
  5888 | D:5      | Reached ***** piety under Trog
  6193 | D:6      | Noticed Pikel
  6208 | D:6      | Killed Pikel
  6208 | D:6      | Reached skill level 14 in Long Blades
  6208 | D:6      | Reached XP level 9. HP: 71/71 MP: 8/8
  6315 | D:4      | Bought a +1 great sword of flaming for 243 gold pieces
  6364 | D:6      | Reached skill level 1 in Stealth
  7321 | D:6      | Noticed Menkaure
  7329 | D:6      | Killed Menkaure
  7603 | D:6      | Reached skill level 5 in Fighting
  7831 | D:6      | Noticed a centaur warrior
  7839 | D:6      | Killed a centaur warrior
  7839 | D:6      | Reached XP level 10. HP: 81/81 MP: 9/9
  8453 | D:7      | Noticed Prince Ribbit
  8459 | D:7      | Killed Prince Ribbit
  8459 | D:7      | Reached skill level 5 in Armour
  8549 | D:7      | Found a radiant altar of Vehumet.
  8734 | D:7      | Reached skill level 15 in Long Blades
  9123 | D:7      | Noticed an eight-headed hydra
  9128 | D:7      | HP: 1/126 [six-headed hydra (6)]
  9128 | D:7      | Slain by a six-headed hydra

Illustrated notes

Levels and vault maps discovered:
D:1:      dpeg_arrival_simpleton_b, layout_rooms
D:2:      layout_loops_ring, lemuel_doored_altar, uniq_terence
D:3:      lemuel_castle_with_subvaults [lemuel_castle_interior_carwin_3],
          layout_loops_cross, grunt_temple_overflow_open
D:4:      layout_basic, kennysheep_mini, lemuel_crystal_altar,
          minmay_temple_entry_waves, serial_shops, shop_coins, shop
D:5:      layout_gridville, uniq_eustachio
D:6:      layout_cave_pods, st_stairs_6, minmay_three_doors, uniq_pikel,
          uniq_menkaure
D:7:      kennysheep_big_flooded_room, layout_layer_cave, vehumet_statue,
          uniq_prince_ribbit1

Skill      XL: |  1  2  3  4  5  6  7  8  9 10 |
---------------+-------------------------------+-----
Long Blades    | 4 5 6 7 8 9 11 14 15 | 15.2
Fighting       | 5 6 |  6.3
Armour         | 4 5 |  5.3
Stealth        | 2 3 |  3.4
Dodging        | 4 |  4.9

Action                   |  1- 3 |  4- 6 |  7- 9 | 10-12 || total
-------------------------+-------+-------+-------+-------++-------
Melee: Falchion          |    58 |   116 |       |       ||   174
       Headbutt          |     9 |    18 |    36 |    14 ||    77
       Long sword        |       |    16 |   205 |       ||   221
       Great sword       |       |       |    46 |    69 ||   115
Throw: Dart              |       |       |     8 |       ||     8
Invok: Berserk           |     1 |     6 |    12 |     3 ||    22
       Trog's Hand       |       |     1 |     2 |       ||     3
       Brothers in Arms  |       |       |     1 |       ||     1
  Use: Scroll            |     3 |     6 |     9 |     5 ||    23
 Stab: Distracted        |       |       |     2 |       ||     2
       Sleeping          |       |       |     4 |     2 ||     6
Armor: Leather armour    |     8 |    35 |    46 |     2 ||    91
       Chain mail        |       |       |       |    29 ||    29
Dodge: Dodged            |    39 |    87 |   137 |    41 ||   304
       Rpst.: Falchion   |     8 |    17 |       |       ||    25
       Long sword        |       |     2 |    33 |       ||    35
       Great sword       |       |       |     7 |     9 ||    16

Table legend: (Time is in decaauts)
 A = Elapsed time spent in this place.
 B = Non-inter-level travel time spent in this place.
 C = Inter-level travel time spent in this place.
 D = Time resting spent in this place.
 E = Time spent auto-exploring this place.
 F = Levels seen in this place.
 G = Mean time per level.
                   A        B        C        D        E       F      G
               +--------+--------+--------+--------+--------+-----+--------+
         Total |   9288 |   9044 |    244 |   3965 |   3501 |   7 | 1326.9 |
       Dungeon |   9288 |   9044 |    244 |   3965 |   3501 |   7 | 1326.9 |
               +--------+--------+--------+--------+--------+-----+--------+

Top non-repeatable levels by time:
     D:3: 2424 daAuts
     D:6: 2195 daAuts
     D:5: 1307 daAuts
     D:2: 1158 daAuts
     D:7: 773 daAuts
     D:4: 720 daAuts
     D:1: 709 daAuts
